Unix NetHack Version 5.0.0-0 post-release - last build Jul 19 2026 19:10:59 (3aa4ab31751d3886436d94b585a96704892fd477,branch:main).

Game began 2026-07-26 13:14:54, ended 2026-07-26 13:29:25.

Eymerich, chaotic male elven Priest

                                                      .%.
                                                     ...<
                                                     io--
                                                     .@-
                                                     ..o

Eymerich the Aspirant        St:13 Dx:11 Co:14 In:8 Wi:20 Ch:10  Chaotic
Dlvl:5  $:63 HP:0(17) Pw:28(28) AC:6  Xp:2 T:1480 

Latest messages:
 You hit the grid bug.
 You knock the grid bug back with a powerful strike!
 You kill the grid bug!
 What do you want to drop? [$a-jl-svyzAB or ?*]
 You drop a wooden flute.
 Your movements are now unencumbered.
 You are bare handed.
 y - a club (alternate weapon; not wielded).
 What do you want to wield? [- apsvyB or ?*]
 B - a blessed sling (weapon in right hand).
 You see here a locked chest.
 You hear the footsteps of a guard on patrol.
 You feel agile!
 You must have been working on your reflexes.
 You see here a locked chest.
 Pick a monster, object or location.
 #
 You descend the stairs.
 You swap places with Pinky.
 You hear someone counting gold coins.
 #
 You see here 6 gold pieces.
 You have a little trouble lifting 6 gold pieces.  Continue? [ynq] (q)
 $ - 6 gold pieces (63 in total).
 You descend the stairs.
 You can't go up here.
 Pick a monster, object or location.
 Pick a monster, object or location.
 You can't go up here.
 You can't go down here.
 What do you want to wield? [- apsvyB or ?*]
 a - a blessed +1 mace (weapon in right hand).
 The hill orc swings his curved sword.
 The hill orc hits!
 The hill orc wields a curved sword!
 You hit the hill orc!
 The hill orc swings his curved sword.
 The hill orc hits!
 The homunculus bites!
 You miss the hill orc.
 The hill orc swings his curved sword.
 The hill orc hits!
 The hill orc swings her curved sword.
 The hill orc hits!
 You die...
 Do you want your possessions identified? [ynq] (y)
 Do you want to see your attributes? [ynq] (y)
 Do you want an account of creatures vanquished? [ynaq] (y)
 Do you want to see your conduct and achievements? [ynq] (y)
 Do you want to see the dungeon overview? [ynq] (y)

Inventory:
 Coins    ('$')
  $ - 63 gold pieces
 Weapons  (')')
  s - 8 rustproof +0 arrows
  p - 50 +0 arrows
  B - a blessed +0 sling
  v - a +0 orcish dagger
  y - a +0 club (alternate weapon; not wielded)
  a - a blessed +1 mace (weapon in right hand)
 Armor    ('[')
  z - a +0 orcish helm (being worn)
  c - a +0 small shield (being worn)
  b - a +0 robe (being worn)
 Comestibles  ('%')
  e - 2 cloves of garlic
  r - a food ration
  f - a sprig of wolfsbane
  q - 2 lichen corpses
 Scrolls  ('?')
  m - a cursed scroll of fire
  l - a scroll of food detection
 Spellbooks  ('+')
  h - a spellbook of extra healing
  g - a spellbook of healing
 Potions  ('!')
  d - 4 potions of holy water
 Tools    ('(')
  n - a beartrap
  j - a stethoscope
 Gems/Stones  ('*')
  o - a cursed jasper stone named soft
  A - 6 rocks (in quiver pouch)

Eymerich the Priest's attributes:

Background:
 You were an Aspirant, a level 2 elven Priest.
 You were chaotic, nominally on a mission for Susanowo
 who was opposed by Amaterasu Omikami (lawful) and Raijin (neutral).
 You were right-handed.
 You were in the Gnomish Mines, on level 5.
 You entered the dungeon 1480 turns ago.
 You had 24 experience points, 16 more were needed to attain level 3.

Basics:
 You had 0 out of 17 hit points.
 You had all 28 energy points (spell power).
 Your armor class was 6.
 Your wallet contained 63 zorkmids.
 Autopickup was off.

Final Characteristics:
 Your strength was 13 (limit:18).
 Your dexterity was 11 (limit:18).
 Your constitution was 14 (limit:16).
 Your intelligence was 8 (limit:20).
 Your wisdom was 20 (limit:20).
 Your charisma was 10 (limit:18).

Final Status:
 You weren't hungry.
 You were unencumbered.
 You were wielding a mace.
 You had basic skill with mace.

Final Attributes:
 You were devoutly aligned.
 You had infravision.
 You were guarded.
 Your spell casting was enhanced by wearing a robe.
 You are dead.

Miscellaneous:
 You encountered 1 bones level.
 Total elapsed playing time was 14 minutes and 29 seconds.

Major events:
 Turn
    1: Eymerich the chaotic elven Priest entered the dungeon
 1475: entered the Gnomish Mines
 1480: killed by a hill orc

Spells:
 Name                 Level Category     Fail Retention
 healing                1   healing        0%  76%-100%
 extra healing          3   healing       68%  76%-100%

Skills:
 Fighting Skills
   bare handed combat [Unskilled]
 Weapon Skills
   club               [Unskilled]
   mace               [Basic]
   morning star       [Unskilled]
   flail              [Unskilled]
   hammer             [Unskilled]
   quarterstaff       [Unskilled]
   polearms           [Unskilled]
   spear              [Unskilled]
   trident            [Unskilled]
   lance              [Unskilled]
   bow                [Unskilled]
   sling              [Unskilled]
   crossbow           [Unskilled]
   dart               [Unskilled]
   shuriken           [Unskilled]
   boomerang          [Unskilled]
   unicorn horn       [Unskilled]
 Spellcasting Skills
   healing spells     [Unskilled]
   divination spells  [Unskilled]
   clerical spells    [Basic]

Voluntary challenges:
 Character rerolling was not enabled.
 You were an atheist.
 You were illiterate.
 You never genocided any monsters.
 You never polymorphed an object.
 You never changed form.
 You used no wishes.
Achievement:
 You entered the Gnomish Mines.

 The Dungeons of Doom: levels 1 to 4
    Level 1: "vault"
    Level 2:
    Level 3: "iron bars, 2x locked chest"
    Level 4: "vault"
       Stairs down to The Gnomish Mines.
 The Gnomish Mines:
    Level 5: <- You were here.
       Final resting place for
          you, killed by a hill orc,
          chricraw-Val-Dwa-Fem-Law, killed by a homunculus, while sleeping.


Vanquished creatures:
  a hobbit
  2 geckos
  2 goblins
  a sewer rat
 10 grid bugs
  2 lichens
  4 newts
22 creatures vanquished.

No species were genocided or became extinct.

Game over:
                       ----------
                      /          \
                     /    REST    \
                    /      IN      \
                   /     PEACE      \
                  /                  \
                  |     Eymerich     |
                  |      63 Au       |
                  | killed by a hill |
                  |       orc        |
                  |                  |
                  |                  |
                  |       2026       |
                 *|     *  *  *      | *
        _________)/\\_//(\/(/\)/\//\/|_)_______

Goodbye Eymerich the Priest...

You died in The Gnomish Mines on dungeon level 5 with 353 points,
and 63 pieces of gold, after 1480 moves.
You were level 2 with a maximum of 17 hit points when you died.

